 Dungeon Sprint DCSS version 0.16-a0-4004-g8d6611c (webtiles) character file.

800000 PolkaDot the Black Belt (level 11, -25/98 HPs)
             Began as a Demonspawn Monk on Feb 15, 2015.
             Was a Believer of Makhleb.
             Annihilated by a meat berserker
             ... wielding a +9 battleaxe
              (27 damage)
             ... in the Dungeon (Sprint VIII: "Arena of Blood").
             The game lasted 00:00:24 (8 turns).

PolkaDot the Black Belt (Demonspawn Monk)              Turns: 8, Time: 00:00:24

Health: -25/98     AC:  5    Str: 12    XL:     11   Next: 37%
Magic:  11/11      EV: 23    Int: 11    God:    Makhleb [**....]
Gold:   0          SH:  0    Dex: 19    Spells: 0 memorised, 10 levels left

rFire  . . .     SeeInvis .     i - +∞ Axe of Woe
rCold  . . .     Clarity  .     a - +0 robe
rNeg   . . .     SustAb   .     (no shield)
rPois  .         Gourm    .     (no helmet)
rElec  .         Spirit   .     (no cloak)
rCorr  .         Warding  .     (no gloves)
rMut   .         NoTele   +     (no boots)
MR     .....                    (no amulet)
Stlth  +++.......               (no ring)
                                (no ring)

@: not resistant to hostile enchantments, fairly stealthy
A: claws 2, yellow scales 2, demonic guardian 1
a: Minor Destruction, Renounce Religion


You were in the Dungeon.
You worshipped Makhleb.
Makhleb was pleased with you.
You were not hungry.

You visited 1 branch

Inventory:

Hand weapons
 i - the +∞ Axe of Woe (weapon)
   (You found it in the Dungeon)
Armour
 a - a +0 robe (worn)
Scrolls
 h - a scroll of blinking
Potions
 c - a potion of curing
 d - a potion of heal wounds
 e - a potion of haste
 f - 2 potions of magic
 g - a potion of berserk rage
Comestibles
 b - a bread ration


   Skills:
 + Level 13.2 Fighting
 + Level 12.3 Dodging
 + Level 5.3 Stealth
 + Level 18.4 Unarmed Combat


You had 10 spell levels left.
You didn't know any spells.

Dungeon Overview and Level Annotations

Branches:
Dungeon (1/1)

Altars:
Makhleb


Innate Abilities, Weirdness & Mutations

You have very sharp fingernails.
You are mostly covered in yellow scales (AC +3).
A weak demonic guardian rushes to your aid.


Message History

Your demonic ancestry asserts itself...
Your fingernails sharpen.
You feel agile.
You have reached level 9!
Your experience leads to an increase in your attributes!
Increase (S)trength, (I)ntelligence, or (D)exterity?
You feel agile.
You have reached level 10!
You have reached level 11!
Your demonic ancestry asserts itself...
Yellow scales spread over more of your body.
You hear a shout! x2
The meat berserker hits you with a +9 battleaxe!!!
* * * LOW HITPOINT WARNING * * *
You hear a shout! x4
The bag of meat appears out of thin air!
A bag of meat comes into view. It is wielding a +9 war axe.
You hear a shout! x5
The meat berserker hits you with a +9 battleaxe!!
You die...

...... ....... .
......... ...
#.......# .#...
#.......#
.o...###.... ..###.
.....o....###......
...#....)O.._......
#.....5@#.....#..
.........#_.<._#
#.......#.....#
..#........_......
..........###......
....###... ..###.
... #... ..# ..
#... .# ..... ..


You could see a meat berserker (berserk), 2 bags of meat and a friendly
ufetubus.

Vanquished Creatures
  An ogre (D)
1 creature vanquished.

Notes
Turn   | Place    | Note
--------------------------------------------------------------
     0 | D        | PolkaDot, the Demonspawn Monk, began the quest for the Orb.
     0 | D        | Reached XP level 1. HP: 18/18 MP: 1/1
     4 | D        | Became a worshipper of Makhleb the Destroyer
     4 | D        | Acquired Makhleb's first power
     4 | D        | Acquired Makhleb's second power
     6 | D        | Noticed a meat berserker
     6 | D        | Noticed a meat berserker
     8 | D        | Noticed a bag of meat
     8 | D        | Killed a meat berserker
     8 | D        | Reached skill level 13 in Fighting
     8 | D        | Reached skill level 5 in Stealth
     8 | D        | Reached skill level 18 in Unarmed Combat
     8 | D        | Gained mutation: A weak demonic guardian rushes to your aid. [demonic ancestry]
     8 | D        | Reached XP level 2. HP: 21/40 MP: 2/2
     8 | D        | Reached XP level 3. HP: 24/46 MP: 3/3
     8 | D        | Gained mutation: You are partially covered in yellow scales (AC +2). [demonic ancestry]
     8 | D        | Reached XP level 4. HP: 27/53 MP: 4/4
     8 | D        | Reached XP level 5. HP: 30/59 MP: 5/5
     8 | D        | Gained mutation: You have sharp fingernails. [demonic ancestry]
     8 | D        | Reached XP level 6. HP: 33/66 MP: 6/6
     8 | D        | Reached XP level 7. HP: 36/72 MP: 7/7
     8 | D        | Gained mutation: You have very sharp fingernails. [demonic ancestry]
     8 | D        | Reached XP level 8. HP: 39/79 MP: 8/8
     8 | D        | Reached XP level 9. HP: 41/85 MP: 9/9
     8 | D        | Reached XP level 10. HP: 44/92 MP: 10/10
     8 | D        | Gained mutation: You are mostly covered in yellow scales (AC +3). [demonic ancestry]
     8 | D        | Reached XP level 11. HP: 46/98 MP: 11/11
     8 | D        | HP: 2/98 [meat berserker/+9 battleaxe (44)]
     8 | D        | Annihilated by a meat berserker

Action                   |  1- 3 |  4- 6 |  7- 9 | 10-12 || total
-------------------------+-------+-------+-------+-------++-------
Melee: Executioner's axe |     1 |       |       |       ||     1
